Bruins vs Lightning

Created - November 11, 2016 at 21:04

Goals
1 2 3 T
Bruins 1 1 0 2
Lightning 1 1 1 3
Shots
1 2 3 T
Bruins 10 4 9 23
Lightning 10 5 10 25

1st period

1. Bruins , Leon Draisaitl 4 (Patrice Bergeron) at 14:17
2. Lightning , Travis Zajac 7 (Teddy Purcell, Tobias Rieder) at 17:56

Penalties :
Patric Hornqvist (TBL) for Hooking (Minor) at 0:10, Patric Hornqvist (TBL) for Hooking (Minor) at 14:28, P.K. Subban (BOS) for Hooking (Minor) at 14:28, Kevin Klein (TBL) for Hooking (Minor) at 18:18

2nd period

3. Lightning , Erik Gudbranson 2 (Johnny Gaudreau, Patric Hornqvist) at 2:28 (PP)
4. Bruins , P.K. Subban 2 (Andrew Ladd, Corey Perry) at 10:44 (PP)

Penalties :
Corey Perry (BOS) for High sticking (Minor) at 1:56, Troy Brouwer (TBL) for Hooking (Minor) at 10:03, Anders Lee (BOS) for Holding Stick (Minor) at 19:42

3rd period

5. Lightning , Patric Hornqvist 7 (Johnny Gaudreau, Jeff Carter) at 4:28 (PP)

Penalties :
Jake Muzzin (BOS) for Hooking (Minor) at 3:35, Tobias Rieder (TBL) for Interference (Minor) at 11:22, P.K. Subban (BOS) for Tripping (Minor) at 11:22, Troy Brouwer (TBL) for Slashing (Minor) at 19:48

Goalie Stats

Carey Price (BOS), 22 saves from 25 shots - (0.880), L, 7-4-0, 59:26 minutes
Jaroslav Halak (TBL), 21 saves from 23 shots - (0.913), W, 3-6-1, 60:00 minutes

Players Stats for Bruins

Player Name              G  A  P  +/- PIM S  H  SB GA TA FO     MP     PP MP  PK MP  
------------------------------------------------------------------------------------
Anders Lee               0  0  0   0  2   0  2  0  0  0  1/2     5:31   0:00   0:00 
Andrew Ladd              0  1  1  -1  0   6  2  0  0  0  0/3    17:42   2:48   0:00 
Brendan Gallagher        0  0  0   1  0   2  2  0  0  0  0/3    19:49   2:02   0:00 
Carl Soderberg           0  0  0   0  0   2  0  2  0  0  5/13   14:48   0:00   0:47 
Connor Brown             0  0  0   0  0   0  0  0  0  0  0/0     5:32   0:00   0:00 
Corey Perry              0  1  1  -1  2   2  2  0  0  0  0/0    16:41   2:48   0:00 
Greg Pateryn             0  0  0   1  0   0  2  0  0  0  0/0    16:08   0:00   1:37 
Jake Muzzin              0  0  0  -1  2   0  1  0  0  0  0/0    23:49   1:42   1:02 
Leon Draisaitl           1  0  1   1  0   2  1  0  0  0  0/1    20:22   2:02   0:01 
Melker Karlsson          0  0  0   0  0   0  1  2  0  0  0/1    13:11   0:00   2:36 
Noah Hanifin             0  0  0   1  0   0  0  0  0  0  0/0    13:53   0:00   0:00 
P.K. Subban              1  0  1   0  4   1  0  2  0  0  0/0    20:40   3:08   1:47 
Patrice Bergeron         0  1  1   1  0   2  3  0  0  0  14/29  23:12   2:48   2:37 
Ryan Spooner             0  0  0   0  0   0  0  0  0  0  0/0    10:35   0:00   0:00 
Seth Griffith            0  0  0   0  0   0  0  1  0  0  4/12    9:17   0:00   0:47 
Shea Weber               0  0  0  -1  0   1  0  1  0  0  0/0    23:44   3:08   0:00 
Tomas Plekanec           0  0  0  -1  0   4  0  0  0  0  8/21   15:56   2:02   0:00 
Torey Krug               0  0  0   0  0   1  0  0  0  0  0/0    21:43   1:42   2:22 

Players Stats for Lightning

Player Name              G  A  P  +/- PIM S  H  SB GA TA FO     MP     PP MP  PK MP  
------------------------------------------------------------------------------------
Andre Benoit             0  0  0   1  0   0  0  2  0  0  0/0    14:39   1:21   0:46 
Andrej Sekera            0  0  0  -1  0   0  1  1  0  0  0/0    23:38   0:44   2:25 
Brad Hunt                0  0  0   1  0   0  0  0  0  0  0/0    15:53   0:00   1:21 
David Schlemko           0  0  0   0  0   0  0  1  0  0  0/0    17:56   0:37   0:32 
Eric Fehr                0  0  0   0  0   1  0  1  0  0  3/3     7:45   0:00   1:25 
Erik Gudbranson          1  0  1  -1  0   1  3  1  0  0  0/0    25:45   2:03   2:57 
Henrik Sedin             0  0  0   0  0   0  0  1  0  0  10/17  17:01   1:38   0:12 
Jeff Carter              0  1  1  -1  0   1  0  0  0  0  20/33  20:54   1:46   0:00 
Johnny Gaudreau          0  2  2  -1  0   5  0  0  0  0  0/1    22:46   1:46   0:00 
Kevin Klein              0  0  0   0  2   0  3  1  0  0  0/0    22:08   2:03   1:39 
Nick Spaling             0  0  0   0  0   1  0  0  0  0  3/3     6:52   0:00   0:32 
Patric Hornqvist         1  1  2  -1  4   6  1  0  0  0  0/0    21:50   1:46   0:00 
Radim Vrbata             0  0  0   0  0   1  0  0  0  0  0/0     6:20   0:00   0:00 
Teddy Purcell            0  1  1   1  0   1  0  0  0  0  1/1     9:55   1:38   0:00 
Tobias Rieder            0  1  1   1  2   2  1  0  0  0  0/1     8:16   0:00   0:00 
Tomas Fleischmann        0  0  0   0  0   0  0  1  0  0  0/0    16:56   0:00   2:53 
Travis Zajac             1  0  1   1  0   5  0  1  0  0  16/25  14:42   0:00   3:13 
Troy Brouwer             0  0  0   0  4   1  1  0  0  0  0/1    17:50   1:38   1:25 

3 Stars

1 - Leon Draisaitl (BOS)
2 - Travis Zajac (TBL)
3 - Erik Gudbranson (TBL)

Power Play

Bruins - 1 on 4 Attempt(s) - 25.00%
Lightning - 2 on 3 Attempt(s) - 66.67%

Penalty Kill

Bruins - 1 on 3 Attempt(s) - 33.33% - Score 0 goal in Penalty Kill
Lightning - 3 on 4 Attempt(s) - 75.00% - Score 0 goal in Penalty Kill

Team Stat

Bruins - Hits : 16 - Faceoff Wins : 32 - Blocked Shots : 8 - Penalty Minutes : 10
Lightning - Hits : 10 - Faceoff Wins : 53 - Blocked Shots : 10 - Penalty Minutes : 12

Official

Referees : Tom Chmielewski and Dave Jackson
Linesman : Lonnie Cameron and Brad Lazarowich

Game Notes

No Game Note

Finance

Level 1 -- Attendance: 6500 (100.00%) -- Ticket Income $715,000
Level 2 -- Attendance: 3219 (64.38%) -- Ticket Income $305,805
Level 3 -- Attendance: 2267 (64.77%) -- Ticket Income $170,025
Level 4 -- Attendance: 2843 (88.73%) -- Ticket Income $127,935
Luxury Box -- Attendance: 532 (53.20%) -- Ticket Income $191,520
Game was played at the Amalie Arena.
Total Attendance: 15361 (79.99%)
Total Ticket Income: $1,510,285
Other Income: $226,543
Total Income: $1,736,828

% Time on Ice - Bruins

Lines # - Real PCT - Wanted PCT - Time Play
Normal Forward
1 - 37% - 40% - 17:19
2 - 29% - 30% - 13:54
3 - 22% - 20% - 10:35
4 - 12% - 10% - 5:32
Normal Defense
1 - 36% - 40% - 17:00
2 - 33% - 30% - 15:47
3 - 29% - 20% - 13:53
4 - 1% - 10% - 0:40
PP Forward
1 - 42% - 60% - 2:02
2 - 58% - 40% - 2:48
PP Defense
1 - 65% - 60% - 3:08
2 - 35% - 40% - 1:42
PK Forward
1 - 77% - 60% - 2:37
2 - 23% - 40% - 0:47
PK Defense
1 - 48% - 60% - 1:37
2 - 52% - 40% - 1:47
PK3 Forward
1 - 0% - 60%
2 - 0% - 40%
PK3 Defense
1 - 0% - 60%
2 - 0% - 40%
44 Forward
1 - 75% - 60% - 2:58
2 - 25% - 40% - 1:00
44 Defense
1 - 46% - 60% - 1:49
2 - 54% - 40% - 2:09
Last Minute Offensive  - 0:28
Last Minute Defensive  - 0:00
Total
Forward - 60:00
Defense - 60:00

% Time on Ice - Lightning

Lines # - Real PCT - Wanted PCT - Time Play
Normal Forward
1 - 40% - 40% - 19:08
2 - 29% - 30% - 14:02
3 - 17% - 20% - 8:17
4 - 13% - 10% - 6:20
Normal Defense
1 - 39% - 40% - 18:46
2 - 31% - 30% - 14:47
3 - 26% - 20% - 12:32
4 - 4% - 10% - 1:42
PP Forward
1 - 52% - 60% - 1:46
2 - 48% - 40% - 1:38
PP Defense
1 - 60% - 60% - 2:03
2 - 40% - 40% - 1:21
PK Forward
1 - 71% - 60% - 3:25
2 - 29% - 40% - 1:25
PK Defense
1 - 72% - 60% - 3:29
2 - 28% - 40% - 1:21
PK3 Forward
1 - 0% - 60%
2 - 0% - 40%
PK3 Defense
1 - 0% - 60%
2 - 0% - 40%
44 Forward
1 - 81% - 60% - 3:12
2 - 19% - 40% - 0:46
44 Defense
1 - 50% - 60% - 1:58
2 - 50% - 40% - 2:00
Last Minute Offensive  - 0:00
Last Minute Defensive  - 0:01
Total
Forward - 60:00
Defense - 60:00

Play by Play

1st period


0:01 of 1st period - Patrice Bergeron wins face-off versus Johnny Gaudreau in neutral zone.
0:10 of 1st period - Minor Penalty to Patric Hornqvist for Hooking.
0:11 of 1st period - Travis Zajac wins face-off versus Tomas Plekanec in Lightning zone.
1:17 of 1st period - Shot by Eric Fehr.
1:17 of 1st period - Stopped by Carey Price without a rebound.
1:18 of 1st period - Patrice Bergeron wins face-off versus Travis Zajac in Bruins zone.
1:24 of 1st period - Off-side.
1:25 of 1st period - Travis Zajac wins face-off versus Patrice Bergeron in neutral zone.
2:17 of 1st period - Icing by Greg Pateryn.
2:18 of 1st period - Carl Soderberg wins face-off versus Jeff Carter in Bruins zone.
2:25 of 1st period - Shot by Carl Soderberg.
2:25 of 1st period - Stopped by Jaroslav Halak without a rebound.
2:26 of 1st period - Anders Lee wins face-off versus Jeff Carter in Lightning zone.
3:32 of 1st period - Shea Weber is hit by Erik Gudbranson and loses puck.
4:10 of 1st period - Shot by Patrice Bergeron.
4:10 of 1st period - Deflect By Brendan Gallagher.
4:10 of 1st period - Stopped by Jaroslav Halak without a rebound.
4:11 of 1st period - Tomas Plekanec wins face-off versus Travis Zajac in Lightning zone.
4:12 of 1st period - Shot by Andrew Ladd.
4:12 of 1st period - Stopped by Jaroslav Halak with a rebound.
4:17 of 1st period - Icing by Travis Zajac.
4:18 of 1st period - Travis Zajac wins face-off versus Tomas Plekanec in Lightning zone.
4:31 of 1st period - Shot by Tomas Plekanec.
4:31 of 1st period - Stopped by Jaroslav Halak without a rebound.
4:32 of 1st period - Carl Soderberg wins face-off versus Jeff Carter in Lightning zone.
4:43 of 1st period - Shot by Johnny Gaudreau.
4:43 of 1st period - Stopped by Carey Price without a rebound.
4:44 of 1st period - Travis Zajac wins face-off versus Tomas Plekanec in Bruins zone.
4:45 of 1st period - Shot by Teddy Purcell.
4:45 of 1st period - Shot Misses the Net.
4:47 of 1st period - Shot by Tobias Rieder.
4:47 of 1st period - Stopped by Carey Price with a rebound.
4:51 of 1st period - Shot by Travis Zajac.
4:51 of 1st period - Stopped by Carey Price without a rebound.
4:52 of 1st period - Patrice Bergeron wins face-off versus Henrik Sedin in Bruins zone.
5:08 of 1st period - Icing by Troy Brouwer.
5:09 of 1st period - Tomas Plekanec wins face-off versus Henrik Sedin in Lightning zone.
6:10 of 1st period - Shot by Jeff Carter.
6:10 of 1st period - Shot Blocked by P.K. Subban.
6:14 of 1st period - Shot by Patric Hornqvist.
6:14 of 1st period - Shot Misses the Net.
6:16 of 1st period - Shot by Patric Hornqvist.
6:16 of 1st period - Stopped by Carey Price without a rebound.
6:17 of 1st period - Carl Soderberg wins face-off versus Travis Zajac in Bruins zone.
6:52 of 1st period - Shot by Tobias Rieder.
6:52 of 1st period - Shot Blocked by Carl Soderberg.
6:54 of 1st period - Shot by Travis Zajac.
6:54 of 1st period - Shot Misses the Net.
7:32 of 1st period - Shot by Patric Hornqvist.
7:32 of 1st period - Shot Blocked by Melker Karlsson.
7:37 of 1st period - Johnny Gaudreau is hit by Greg Pateryn and loses puck.
7:43 of 1st period - Icing by Ryan Spooner.
7:44 of 1st period - Eric Fehr wins face-off versus Melker Karlsson in Bruins zone.
7:44 of 1st period - Eric Fehr is hit by Greg Pateryn.
8:16 of 1st period - Shot by Eric Fehr.
8:16 of 1st period - Shot Misses the Net.
8:20 of 1st period - Shot by Radim Vrbata.
8:20 of 1st period - Stopped by Carey Price without a rebound.
8:21 of 1st period - Patrice Bergeron wins face-off versus Jeff Carter in Bruins zone.
8:44 of 1st period - Shot by Johnny Gaudreau.
8:44 of 1st period - Stopped by Carey Price with a rebound.
9:29 of 1st period - Icing by Brad Hunt.
9:30 of 1st period - Henrik Sedin wins face-off versus Tomas Plekanec in Lightning zone.
10:24 of 1st period - Off-side.
10:25 of 1st period - Jeff Carter wins face-off versus Anders Lee in neutral zone.
12:04 of 1st period - Shot by Andrew Ladd.
12:04 of 1st period - Stopped by Jaroslav Halak with a rebound.
12:06 of 1st period - Shot by Tomas Plekanec.
12:06 of 1st period - Shot Misses the Net.
12:08 of 1st period - Shot by Andrew Ladd.
12:08 of 1st period - Stopped by Jaroslav Halak with a rebound.
12:10 of 1st period - Shot by Corey Perry.
12:10 of 1st period - Shot Misses the Net.
13:48 of 1st period - Off-side.
13:49 of 1st period - Jeff Carter wins face-off versus Seth Griffith in neutral zone.
13:49 of 1st period - Jeff Carter is hit by Anders Lee.
14:15 of 1st period - Icing by Patric Hornqvist.
14:16 of 1st period - Patrice Bergeron wins face-off versus Jeff Carter in Lightning zone.
14:17 of 1st period - Shot by Leon Draisaitl.
14:17 of 1st period - Goal by Leon Draisaitl - Bruins : 1 - Lightning : 0.
14:18 of 1st period - Patrice Bergeron wins face-off versus Travis Zajac in neutral zone.
14:20 of 1st period - Off-side.
14:21 of 1st period - Jeff Carter wins face-off versus Patrice Bergeron in neutral zone.
14:24 of 1st period - P.K. Subban is hit by Patric Hornqvist and loses puck.
14:28 of 1st period - Minor Penalty to Patric Hornqvist for Hooking.
14:28 of 1st period - Minor Penalty to P.K. Subban for Hooking.
14:29 of 1st period - Travis Zajac wins face-off versus Seth Griffith in Bruins zone.
14:32 of 1st period - Shot by Johnny Gaudreau.
14:32 of 1st period - Stopped by Carey Price without a rebound.
14:33 of 1st period - Seth Griffith wins face-off versus Travis Zajac in Bruins zone.
15:43 of 1st period - Shot by Andrew Ladd.
15:43 of 1st period - Stopped by Jaroslav Halak without a rebound.
15:44 of 1st period - Henrik Sedin wins face-off versus Andrew Ladd in Lightning zone.
16:05 of 1st period - Shot by Andrew Ladd.
16:05 of 1st period - Deflect By Leon Draisaitl.
16:05 of 1st period - Stopped by Jaroslav Halak without a rebound.
16:06 of 1st period - Travis Zajac wins face-off versus Seth Griffith in Lightning zone.
16:08 of 1st period - Icing by David Schlemko.
16:09 of 1st period - Travis Zajac wins face-off versus Seth Griffith in Lightning zone.
17:14 of 1st period - Icing by Noah Hanifin.
17:15 of 1st period - Patrice Bergeron wins face-off versus Jeff Carter in Bruins zone.
17:44 of 1st period - Shot by Jeff Carter.
17:44 of 1st period - Stopped by Carey Price without a rebound.
17:45 of 1st period - Travis Zajac wins face-off versus Andrew Ladd in Bruins zone.
17:52 of 1st period - Shot by Tobias Rieder.
17:52 of 1st period - Deflect By Travis Zajac.
17:52 of 1st period - Shot Misses the Net.
17:54 of 1st period - Shot by Travis Zajac.
17:54 of 1st period - Deflect By Teddy Purcell.
17:54 of 1st period - Shot Misses the Net.
17:56 of 1st period - Shot by Travis Zajac.
17:56 of 1st period - Goal by Travis Zajac - Bruins : 1 - Lightning : 1.
17:57 of 1st period - Henrik Sedin wins face-off versus Carl Soderberg in neutral zone.
18:18 of 1st period - Minor Penalty to Kevin Klein for Hooking.
18:19 of 1st period - Patrice Bergeron wins face-off versus Travis Zajac in Lightning zone.
18:45 of 1st period - Shot by Andrew Ladd.
18:45 of 1st period - Shot Blocked by Tomas Fleischmann.
19:43 of 1st period - Shot by Torey Krug.
19:43 of 1st period - Stopped by Jaroslav Halak without a rebound.
19:44 of 1st period - Eric Fehr wins face-off versus Tomas Plekanec in Lightning zone.
Goals for this period are 1 for Bruins vs 1 for Lightning.
Shots for this period are 10 for Bruins vs 10 for Lightning.

2nd period


0:01 of 2nd period - Travis Zajac wins face-off versus Tomas Plekanec in neutral zone.
0:10 of 2nd period - Shot by Travis Zajac.
0:10 of 2nd period - Stopped by Carey Price without a rebound.
0:11 of 2nd period - Tomas Plekanec wins face-off versus Travis Zajac in Bruins zone.
0:18 of 2nd period - Shot by Brendan Gallagher.
0:18 of 2nd period - Stopped by Jaroslav Halak without a rebound.
0:19 of 2nd period - Jeff Carter wins face-off versus Patrice Bergeron in Lightning zone.
0:26 of 2nd period - Shot by Patric Hornqvist.
0:26 of 2nd period - Shot Misses the Net.
1:29 of 2nd period - Shot by Travis Zajac.
1:29 of 2nd period - Shot Misses the Net.
1:31 of 2nd period - Shot by Travis Zajac.
1:31 of 2nd period - Stopped by Carey Price without a rebound.
1:32 of 2nd period - Henrik Sedin wins face-off versus Tomas Plekanec in Bruins zone.
1:56 of 2nd period - Minor Penalty to Corey Perry for High sticking.
1:57 of 2nd period - Jeff Carter wins face-off versus Patrice Bergeron in Bruins zone.
2:26 of 2nd period - Shot by Johnny Gaudreau.
2:26 of 2nd period - Shot Blocked by Melker Karlsson.
2:28 of 2nd period - Shot by Erik Gudbranson.
2:28 of 2nd period - Goal by Erik Gudbranson - Bruins : 1 - Lightning : 2.
2:29 of 2nd period - Tomas Plekanec wins face-off versus Tobias Rieder in neutral zone.
3:50 of 2nd period - Shot by Troy Brouwer.
3:50 of 2nd period - Shot Blocked by Carl Soderberg.
5:08 of 2nd period - Icing by Andrej Sekera.
5:09 of 2nd period - Jeff Carter wins face-off versus Patrice Bergeron in Lightning zone.
5:13 of 2nd period - Off-side.
5:14 of 2nd period - Travis Zajac wins face-off versus Leon Draisaitl in neutral zone.
5:17 of 2nd period - Patrice Bergeron is hit by Tobias Rieder and loses puck.
5:42 of 2nd period - Shot by Tobias Rieder.
5:42 of 2nd period - Stopped by Carey Price with a rebound.
6:20 of 2nd period - Shot by Henrik Sedin.
6:20 of 2nd period - Shot Misses the Net.
6:27 of 2nd period - Icing by Brendan Gallagher.
6:28 of 2nd period - Patrice Bergeron wins face-off versus Jeff Carter in Bruins zone.
6:40 of 2nd period - Icing by Andrej Sekera.
6:41 of 2nd period - Tomas Plekanec wins face-off versus Jeff Carter in Lightning zone.
9:16 of 2nd period - Icing by P.K. Subban.
9:17 of 2nd period - Jeff Carter wins face-off versus Carl Soderberg in Bruins zone.
9:26 of 2nd period - Carl Soderberg is hit by Erik Gudbranson and loses puck.
9:34 of 2nd period - Icing by Erik Gudbranson.
9:35 of 2nd period - Jeff Carter wins face-off versus Brendan Gallagher in Lightning zone.
9:35 of 2nd period - Jeff Carter is hit by Brendan Gallagher.
10:02 of 2nd period - Icing by Shea Weber.
10:03 of 2nd period - Patrice Bergeron wins face-off versus Henrik Sedin in Bruins zone.
10:03 of 2nd period - Minor Penalty to Troy Brouwer for Hooking.
10:04 of 2nd period - Travis Zajac wins face-off versus Patrice Bergeron in Lightning zone.
10:38 of 2nd period - Shot by Corey Perry.
10:38 of 2nd period - Shot Blocked by Kevin Klein.
10:40 of 2nd period - Shot by P.K. Subban.
10:40 of 2nd period - Shot Blocked by Travis Zajac.
10:42 of 2nd period - Shot by Corey Perry.
10:42 of 2nd period - Deflect By Andrew Ladd.
10:42 of 2nd period - Shot Misses the Net.
10:44 of 2nd period - Shot by P.K. Subban.
10:44 of 2nd period - Goal by P.K. Subban - Bruins : 2 - Lightning : 2.
10:45 of 2nd period - Jeff Carter wins face-off versus Seth Griffith in neutral zone.
10:47 of 2nd period - Off-side.
10:48 of 2nd period - Seth Griffith wins face-off versus Jeff Carter in neutral zone.
11:19 of 2nd period - Shot by Patric Hornqvist.
11:19 of 2nd period - Stopped by Carey Price without a rebound.
11:20 of 2nd period - Henrik Sedin wins face-off versus Tomas Plekanec in Bruins zone.
11:35 of 2nd period - Troy Brouwer is hit by Andrew Ladd and loses puck.
12:42 of 2nd period - Icing by Erik Gudbranson.
12:43 of 2nd period - Henrik Sedin wins face-off versus Carl Soderberg in Lightning zone.
13:06 of 2nd period - Shot by Melker Karlsson.
13:06 of 2nd period - Shot Misses the Net.
13:54 of 2nd period - Shot by Brendan Gallagher.
13:54 of 2nd period - Shot Misses the Net.
13:59 of 2nd period - Brendan Gallagher is hit by Kevin Klein and loses puck.
14:04 of 2nd period - Shot by Patrice Bergeron.
14:04 of 2nd period - Stopped by Jaroslav Halak without a rebound.
14:05 of 2nd period - Tomas Plekanec wins face-off versus Travis Zajac in Lightning zone.
14:08 of 2nd period - Shot by Tomas Plekanec.
14:08 of 2nd period - Stopped by Jaroslav Halak without a rebound.
14:09 of 2nd period - Tomas Plekanec wins face-off versus Travis Zajac in Lightning zone.
15:25 of 2nd period - Shot by Eric Fehr.
15:25 of 2nd period - Shot Misses the Net.
15:27 of 2nd period - Shot by Radim Vrbata.
15:27 of 2nd period - Shot Blocked by Shea Weber.
16:53 of 2nd period - Icing by Andre Benoit.
16:54 of 2nd period - Seth Griffith wins face-off versus Jeff Carter in Lightning zone.
17:02 of 2nd period - Icing by Andre Benoit.
17:03 of 2nd period - Jeff Carter wins face-off versus Tomas Plekanec in Lightning zone.
17:03 of 2nd period - Jeff Carter is hit by Corey Perry.
17:32 of 2nd period - Shot by Tomas Plekanec.
17:32 of 2nd period - Shot Misses the Net.
17:34 of 2nd period - Shot by Jake Muzzin.
17:34 of 2nd period - Shot Blocked by Andre Benoit.
18:33 of 2nd period - Icing by Patrice Bergeron.
18:34 of 2nd period - Patrice Bergeron wins face-off versus Henrik Sedin in Bruins zone.
18:43 of 2nd period - Erik Gudbranson is hit by Patrice Bergeron and loses puck.
18:47 of 2nd period - Icing by Troy Brouwer.
18:48 of 2nd period - Seth Griffith wins face-off versus Henrik Sedin in Lightning zone.
19:42 of 2nd period - Minor Penalty to Anders Lee for Holding Stick.
19:43 of 2nd period - Henrik Sedin wins face-off versus Patrice Bergeron in Bruins zone.
Goals for this period are 1 for Bruins vs 1 for Lightning.
Shots for this period are 4 for Bruins vs 5 for Lightning.

3rd period


0:01 of 3rd period - Patrice Bergeron wins face-off versus Jeff Carter in neutral zone.
0:07 of 3rd period - Icing by Jeff Carter.
0:08 of 3rd period - Jeff Carter wins face-off versus Patrice Bergeron in Lightning zone.
0:25 of 3rd period - Shot by Johnny Gaudreau.
0:25 of 3rd period - Shot Misses the Net.
1:09 of 3rd period - Shot by Henrik Sedin.
1:09 of 3rd period - Shot Misses the Net.
1:11 of 3rd period - Shot by Henrik Sedin.
1:11 of 3rd period - Shot Misses the Net.
1:25 of 3rd period - Carl Soderberg is hit by Troy Brouwer and loses puck.
1:58 of 3rd period - Shot by Nick Spaling.
1:58 of 3rd period - Stopped by Carey Price without a rebound.
1:59 of 3rd period - Nick Spaling wins face-off versus Seth Griffith in Bruins zone.
2:28 of 3rd period - Eric Fehr is hit by Anders Lee.
2:55 of 3rd period - Shot by Corey Perry.
2:55 of 3rd period - Shot Misses the Net.
2:57 of 3rd period - Shot by Tomas Plekanec.
2:57 of 3rd period - Stopped by Jaroslav Halak without a rebound.
2:58 of 3rd period - Jeff Carter wins face-off versus Patrice Bergeron in Lightning zone.
2:58 of 3rd period - Jeff Carter is hit by Brendan Gallagher.
3:09 of 3rd period - Patrice Bergeron is hit by Kevin Klein and loses puck.
3:27 of 3rd period - Patric Hornqvist is hit by Jake Muzzin and loses puck.
3:35 of 3rd period - Minor Penalty to Jake Muzzin for Hooking.
3:36 of 3rd period - Patrice Bergeron wins face-off versus Troy Brouwer in Bruins zone.
3:49 of 3rd period - Shot by Teddy Purcell.
3:49 of 3rd period - Shot Misses the Net.
3:59 of 3rd period - Troy Brouwer is hit by Melker Karlsson and loses puck.
4:12 of 3rd period - Shot by Troy Brouwer.
4:12 of 3rd period - Stopped by Carey Price without a rebound.
4:13 of 3rd period - Jeff Carter wins face-off versus Patrice Bergeron in Bruins zone.
4:24 of 3rd period - Shot by Patric Hornqvist.
4:24 of 3rd period - Stopped by Carey Price without a rebound.
4:25 of 3rd period - Jeff Carter wins face-off versus Patrice Bergeron in Bruins zone.
4:28 of 3rd period - Shot by Patric Hornqvist.
4:28 of 3rd period - Goal by Patric Hornqvist - Bruins : 2 - Lightning : 3.
4:29 of 3rd period - Tomas Plekanec wins face-off versus Jeff Carter in neutral zone.
4:32 of 3rd period - Shot by Shea Weber.
4:32 of 3rd period - Shot Misses the Net.
4:34 of 3rd period - Shot by Shea Weber.
4:34 of 3rd period - Stopped by Jaroslav Halak without a rebound.
4:35 of 3rd period - Jeff Carter wins face-off versus Tomas Plekanec in Lightning zone.
5:50 of 3rd period - Brendan Gallagher is hit by Kevin Klein and loses puck.
5:55 of 3rd period - Shot by Patrice Bergeron.
5:55 of 3rd period - Stopped by Jaroslav Halak without a rebound.
5:56 of 3rd period - Carl Soderberg wins face-off versus Henrik Sedin in Lightning zone.
6:03 of 3rd period - Icing by Tomas Fleischmann.
6:04 of 3rd period - Henrik Sedin wins face-off versus Brendan Gallagher in Lightning zone.
6:04 of 3rd period - Henrik Sedin is hit by Leon Draisaitl.
6:18 of 3rd period - Icing by Patrice Bergeron.
6:19 of 3rd period - Jeff Carter wins face-off versus Patrice Bergeron in Bruins zone.
6:40 of 3rd period - Shot by Patric Hornqvist.
6:40 of 3rd period - Shot Misses the Net.
6:42 of 3rd period - Shot by Patric Hornqvist.
6:42 of 3rd period - Stopped by Carey Price with a rebound.
7:41 of 3rd period - Shot by Corey Perry.
7:41 of 3rd period - Stopped by Jaroslav Halak without a rebound.
7:42 of 3rd period - Travis Zajac wins face-off versus Andrew Ladd in Lightning zone.
7:42 of 3rd period - Travis Zajac is hit by Andrew Ladd.
7:54 of 3rd period - Shot by Tobias Rieder.
7:54 of 3rd period - Deflect By Teddy Purcell.
7:54 of 3rd period - Stopped by Carey Price without a rebound.
7:55 of 3rd period - Nick Spaling wins face-off versus Carl Soderberg in Bruins zone.
8:11 of 3rd period - Icing by Erik Gudbranson.
8:12 of 3rd period - Eric Fehr wins face-off versus Tomas Plekanec in Lightning zone.
8:14 of 3rd period - Radim Vrbata is hit by Corey Perry and loses puck.
8:30 of 3rd period - Shot by Andrew Ladd.
8:30 of 3rd period - Stopped by Jaroslav Halak without a rebound.
8:31 of 3rd period - Jeff Carter wins face-off versus Carl Soderberg in Lightning zone.
8:57 of 3rd period - Shot by Johnny Gaudreau.
8:57 of 3rd period - Shot Misses the Net.
9:00 of 3rd period - Icing by Jake Muzzin.
9:01 of 3rd period - Henrik Sedin wins face-off versus Carl Soderberg in Bruins zone.
9:08 of 3rd period - Shot by Carl Soderberg.
9:08 of 3rd period - Shot Blocked by Henrik Sedin.
9:10 of 3rd period - Shot by Carl Soderberg.
9:10 of 3rd period - Stopped by Jaroslav Halak without a rebound.
9:11 of 3rd period - Travis Zajac wins face-off versus Patrice Bergeron in Lightning zone.
9:31 of 3rd period - Shot by Travis Zajac.
9:31 of 3rd period - Shot Blocked by P.K. Subban.
9:47 of 3rd period - Shot by Travis Zajac.
9:47 of 3rd period - Stopped by Carey Price without a rebound.
9:48 of 3rd period - Jeff Carter wins face-off versus Tomas Plekanec in Bruins zone.
10:09 of 3rd period - Shot by Johnny Gaudreau.
10:09 of 3rd period - Stopped by Carey Price with a rebound.
10:26 of 3rd period - Shot by Corey Perry.
10:26 of 3rd period - Deflect By Tomas Plekanec.
10:26 of 3rd period - Stopped by Jaroslav Halak with a rebound.
10:28 of 3rd period - Shot by Corey Perry.
10:28 of 3rd period - Stopped by Jaroslav Halak without a rebound.
10:29 of 3rd period - Henrik Sedin wins face-off versus Patrice Bergeron in Lightning zone.
10:54 of 3rd period - Patrice Bergeron is hit by Erik Gudbranson and loses puck.
10:58 of 3rd period - Brendan Gallagher is hit by Andrej Sekera and loses puck.
11:22 of 3rd period - Minor Penalty to Tobias Rieder for Interference.
11:22 of 3rd period - Minor Penalty to P.K. Subban for Tripping.
11:23 of 3rd period - Travis Zajac wins face-off versus Seth Griffith in Bruins zone.
11:30 of 3rd period - Shot by Patric Hornqvist.
11:30 of 3rd period - Shot Blocked by Seth Griffith.
12:26 of 3rd period - Shot by Andrew Ladd.
12:26 of 3rd period - Stopped by Jaroslav Halak without a rebound.
12:27 of 3rd period - Travis Zajac wins face-off versus Seth Griffith in Lightning zone.
13:19 of 3rd period - Shot by Leon Draisaitl.
13:19 of 3rd period - Shot Misses the Net.
13:31 of 3rd period - Shot by Leon Draisaitl.
13:31 of 3rd period - Shot Blocked by Eric Fehr.
14:14 of 3rd period - Icing by Kevin Klein.
14:15 of 3rd period - Nick Spaling wins face-off versus Tomas Plekanec in Lightning zone.
14:36 of 3rd period - Shot by Tomas Plekanec.
14:36 of 3rd period - Shot Blocked by Andre Benoit.
14:56 of 3rd period - Shot by Jeff Carter.
14:56 of 3rd period - Shot Misses the Net.
14:58 of 3rd period - Shot by Johnny Gaudreau.
14:58 of 3rd period - Stopped by Carey Price without a rebound.
14:59 of 3rd period - Patrice Bergeron wins face-off versus Henrik Sedin in Bruins zone.
15:06 of 3rd period - Tomas Fleischmann is hit by Patrice Bergeron and loses puck.
15:30 of 3rd period - Shot by Leon Draisaitl.
15:30 of 3rd period - Shot Blocked by Erik Gudbranson.
15:32 of 3rd period - Shot by Patrice Bergeron.
15:32 of 3rd period - Shot Misses the Net.
15:34 of 3rd period - Shot by Leon Draisaitl.
15:34 of 3rd period - Shot Blocked by Andrej Sekera.
16:06 of 3rd period - Shot by Ryan Spooner.
16:06 of 3rd period - Shot Hit the Post.
16:37 of 3rd period - Icing by Greg Pateryn.
16:38 of 3rd period - Jeff Carter wins face-off versus Carl Soderberg in Bruins zone.
16:41 of 3rd period - Shot by Johnny Gaudreau.
16:41 of 3rd period - Shot Misses the Net.
16:43 of 3rd period - Shot by Jeff Carter.
16:43 of 3rd period - Deflect By Patric Hornqvist.
16:43 of 3rd period - Stopped by Carey Price with a rebound.
16:52 of 3rd period - Icing by Greg Pateryn.
16:53 of 3rd period - Teddy Purcell wins face-off versus Carl Soderberg in Bruins zone.
16:56 of 3rd period - Shot by Travis Zajac.
16:56 of 3rd period - Shot Misses the Net.
17:06 of 3rd period - Shot by Travis Zajac.
17:06 of 3rd period - Shot Misses the Net.
17:09 of 3rd period - Icing by Carl Soderberg.
17:10 of 3rd period - Carl Soderberg wins face-off versus Jeff Carter in Bruins zone.
17:24 of 3rd period - Icing by Kevin Klein.
17:25 of 3rd period - Jeff Carter wins face-off versus Patrice Bergeron in Lightning zone.
17:25 of 3rd period - Jeff Carter is hit by Patrice Bergeron.
17:57 of 3rd period - Shot by Patrice Bergeron.
17:57 of 3rd period - Shot Blocked by David Schlemko.
19:26 of 3rd period - Bruins, Carey Price is pulled from the net.
19:48 of 3rd period - Minor Penalty to Troy Brouwer for Slashing.
19:49 of 3rd period - Travis Zajac wins face-off versus Brendan Gallagher in Lightning zone.
Goals for this period are 0 for Bruins vs 1 for Lightning.
Shots for this period are 9 for Bruins vs 10 for Lightning.